 Dungeon Crawl Stone Soup version 0.23.2-1-ga50397a6bc (webtiles) character file.

Game seed: 6989364737257727120

113383 Kobolds4U the Fencer (level 16, -3/151 HPs)
             Began as a Minotaur Fighter on May 2, 2019.
             Was the Champion of Ashenzari.
             Shot with a bolt by Vashnia (30 damage)
             ... on level 1 of the Snake Pit.
             The game lasted 01:28:27 (31825 turns).

Kobolds4U the Fencer (Minotaur Fighter)            Turns: 31825, Time: 01:28:29

Health: -3/151     AC: 32    Str: 28    XL:     16   Next: 13%
Magic:  22/22      EV: 22    Int:  8    God:    Ashenzari [******]
Gold:   3195       SH:  6    Dex: 15    Spells: 10/15 levels left

rFire    . . .     SeeInvis +   i - +5 great sword (curse)
rCold    . . .     Gourm    .   (shield currently unavailable)
rNeg     . . .     Faith    .   Q - +4 plate armour of Amnijip {Str+6} (curse)
rPois    +         Spirit   .   (helmet restricted)
rElec    .         Reflect  +   y - +2 cloak (curse)
rCorr    .         Harm     .   H - +2 pair of gloves (curse)
MR       +....     Clarity  +   S - +2 pair of boots (curse)
Stlth    ..........             g - amulet "Noivyh" {Reflect Int+2 SH+6 SInv}
HPRegen  0.35/turn              E - ring of poison resistance
MPRegen  0.18/turn              j - +5 ring of evasion (curse)

@: no status effects
A: retaliatory headbutt, horns 2
a: Curse Item, Scrying, Transfer Knowledge, Renounce Religion


You were on level 1 of the Snake Pit.
You worshipped Ashenzari.
Ashenzari was exalted by your worship.
You were not hungry.

You visited 5 branches of the dungeon, and saw 26 of its levels.
You also visited: Gauntlet, Ice Cave and Volcano.

You collected 3777 gold pieces.
You spent 582 gold pieces at shops.

Inventory:

Hand Weapons
 e - a +1 short sword of freezing
 i - a cursed +5 great sword (weapon)
Missiles
 C - 19 javelins (quivered)
Armour
 o - a cursed +0 ring mail
 y - a cursed +2 cloak (worn)
 D - a scarf of resistance
 H - a cursed +2 pair of gloves (worn)
 Q - the cursed +4 plate armour of Amnijip (worn) {Str+6}
   (You found it on level 9 of the Dungeon)

   It affects your strength (+6).
   It has a curse placed upon it.
 S - a cursed +2 pair of boots (worn)
 V - the +4 chain mail "Owickaiwo" {rC+}
   (You found it on level 13 of the Dungeon)

   It protects you from cold.
Jewellery
 a - an uncursed ring of protection from fire
 c - an uncursed ring of resist corrosion
 g - the amulet "Noivyh" (around neck) {Reflect Int+2 SH+6 SInv}
   (You found it on level 4 of the Lair of Beasts)

   [amulet of reflection]

   It shields you and reflects attacks.
   It affects your intelligence (+2).
   It lets you see invisible.
   It affects your SH (+6).
 j - a cursed +5 ring of evasion (right hand)
 l - an uncursed ring of protection from cold
 s - a +4 amulet of reflection
 t - an uncursed amulet of the acrobat
 u - an uncursed ring of positive energy
 E - a ring of poison resistance (left hand)
 F - a +3 ring of strength
 L - the amulet "Pizirukha" {+Rage MR+}
   (You found it in an ice cave)

   [amulet of rage]

   It affects your resistance to hostile enchantments.
   It lets you go berserk.
Wands
 x - a wand of paralysis (24)
 I - a wand of digging (3)
 K - a wand of clouds (6)
 M - a wand of acid (8)
 N - a wand of enslavement (18)
 R - a wand of disintegration (32)
 T - a wand of flame (52)
 U - a wand of polymorph (18)
Scrolls
 b - 7 scrolls of remove curse
 m - 5 scrolls of fear
 n - 9 scrolls of teleportation
 p - 5 scrolls of blinking
 r - a scroll of magic mapping
 w - 4 scrolls of summoning
 O - a scroll of enchant armour
 Z - 6 scrolls of identify
Potions
 d - 7 potions of might
 h - 9 potions of curing
 k - 6 potions of berserk rage
 q - 2 potions of lignification
 v - 4 potions of agility
 z - 4 potions of ambrosia
 A - 5 potions of flight
 B - 4 potions of resistance
 G - 2 potions of brilliance
 J - 2 potions of heal wounds
 P - 2 potions of magic
 W - a potion of invisibility
 X - 2 potions of haste
Miscellaneous
 Y - a sack of spiders
Comestibles
 f - 38 rations


   Skills:
 + Level 15.9 Fighting
 - Level 18.1(23.0) Long Blades
 - Level 12.3(16.4) Armour
 + Level 15.5 Dodging
   Level 3.6 Shields
 + Level 9.9 Evocations


You had 10 spell levels left.
You knew the following spells:

 Your Spells              Type           Power        Failure   Level  Hunger
a - Silence               Hex/Air        #.........   100%        5    ######.

Your spell library contained the following spells:

 Spells                   Type           Power        Failure   Level  Hunger
 Animate Skeleton         Necr           N/A          94%         1    ##.....
 Shock                    Conj/Air       #...         94%         1    ##.....
 Corpse Rot               Necr           N/A          98%         2    ###....
 Poisonous Vapours        Pois/Air       #.....       98%         2    ###....
 Sublimation of Blood     Necr           #.........   98%         2    ###....
 Swiftness                Chrm/Air       #.......     98%         2    ###....
 Conjure Flame            Conj/Fire      #.......     100%        3    ####...
 Mephitic Cloud           Conj/Pois/Air  #.......     100%        3    ####...
 Static Discharge         Conj/Air       #.......     100%        3    ####...
 Stone Arrow              Conj/Erth      #.....       100%        3    ####...
 Cause Fear               Hex            #.........   100%        4    #####..
 Agony                    Necr           #.......     100%        5    ######.
 Bolt of Draining         Conj/Necr      #.........   100%        5    ######.
 Bolt of Magma            Conj/Fire/Erth #.........   100%        5    ######.
 Dispel Undead            Necr           #.......     100%        5    ######.
 Excruciating Wounds      Chrm/Necr      #.........   100%        5    ######.
 Yara's Violent Unravell  Hex/Tmut       #.........   100%        5    ######.
 Conjure Ball Lightning   Conj/Air       #.........   100%        6    #######
 Deflect Missiles         Chrm/Air       #.........   100%        6    #######
 Freezing Cloud           Conj/Ice/Air   #.........   100%        6    #######
 Ring of Flames           Chrm/Fire      #.........   100%        7    #######
 Discord                  Hex            #.........   100%        8    #######
 Shatter                  Erth           #.........   100%        9    #######
 Tornado                  Air            #.........   100%        9    #######


Dungeon Overview and Level Annotations

Branches:
Dungeon (15/15)            Temple (1/1) D:4            Lair (6/6) D:9
 Shoals (0/4) Lair:4        Snake (2/4) Lair:2        Slime (0/5) Lair:5
    Orc (2/2) D:11            Elf (0/3) Orc:2        Vaults (0/5) D:14
 Depths: D:15

Altars:
Ashenzari
Cheibriados
Dithmenos
Elyvilon
Fedhas
Gozag
Hepliaklqana
Kikubaaqudgha
Makhleb
Nemelex Xobeh
Okawaru
Qazlal
Ru
Sif Muna
Trog
Uskayaw
Vehumet
Wu Jian
Xom
Yredelemnul
Zin
The Shining One
Beogh

Shops:
D:14 %   Orc:2 ?!?(   Snake:1 %

Portals:
Trove: D:14 (give +3 storm dragon scales)

Annotations:
D:13 Kirke
Lair:3 2 transporters, Ziruddio's ghost, journeyman MfBe
Snake:1 Vashnia
Orc:1 1 runed translucent door, Dmuffinman's ghost, journeyman MiBe


Innate Abilities, Weirdness & Mutations

You reflexively headbutt those who attack you in melee.
You have a pair of horns on your head.


Message History

Vashnia is heavily wounded.
The black mamba closely misses you. You furiously retaliate!
You headbutt the black mamba, but do no damage.
You riposte.
You miss the black mamba. You headbutt the black mamba.
The black mamba is almost dead.
Vashnia shoots a bolt.
The bolt hits you!!
* * * LOW HITPOINT WARNING * * *
The bolt burns you.
* * * LOW HITPOINT WARNING * * *
You feel much better.
The black mamba bites you but does no damage.
The black mamba closely misses you. You furiously retaliate!
You headbutt the black mamba. You barely miss the black mamba.
The black mamba is almost dead.
The black mamba completely misses you. You furiously retaliate!
You headbutt the black mamba!
You kill the black mamba!
Vashnia shoots a bolt.
The bolt hits you!!
You die...

# # #
##################
................@#
########.#######N#
# #........# #.# #
#........# #.# ##
#........# #.# .#
#.....^..# #.# .#
#........# #.#
.####........###.#
.................#


You could see Vashnia.

Vanquished Creatures
  Rupert (D:15)
  Agnes (Snake:2)
  A nagaraja (Snake:2)
  An orc warlord (Orc:2)
  A ghoul (D:15)
  A minotaur (Gauntlet)
  The ghost of OmG the Grim Reaper, a journeyman DsMo of Yredelemnul (D:10)
  A death ooze (Gauntlet)
  3 vault guards (D:14)
  2 ice dragons (IceCv)
  2 naga warriors (Snake:2)
  Erolcha (D:12)
  4 hydras
  3 catoblepae (Lair:6)
  A centaur warrior (D:15)
  Erica (D:9)
  2 two-headed ogres
  2 anacondas (Snake:1)
  16 death yaks
  2 tengu warriors (D:14)
  Urug (Lair:6)
  2 naga sharpshooters
  Nergalle (D:10)
  6 orc high priests
  A shock serpent (Snake:1)
  Sonja (D:12)
  5 skeletal warriors
  An unseen horror (D:13)
  3 wizards
  2 naga ritualists (Snake:1)
  9 orc knights (Orc:2)
  A necromancer (D:15)
  4 anaconda skeletons (Volcano)
  A phantasmal warrior (D:15)
  2 mana vipers
  An orc sorcerer (Orc:2)
  A wolf spider zombie (D:15)
  2 cyclopes
  2 deep elf magi
  5 oklob plants
  A salamander (Snake:1)
  3 ugly things
  2 manticores (Lair:6)
  14 black mambas
  A guardian serpent (Snake:2)
  2 naga magi
  2 ice statues (IceCv)
  2 merfolk sirens (Lair:4)
  16 spiny frogs
  A torpor snail (Lair:6)
  6 gargoyles
  7 rime drakes
  8 komodo dragons
  2 polar bears (Lair:4)
  A troll (shapeshifter) (D:10)
  7 trolls
  A hornet (D:8)
  3 slime creatures (D:14)
  A raiju (Gauntlet)
  12 blink frogs
  6 hippogriffs
  2 flying skulls (Volcano)
  A vampire (D:14)
  Sigmund (D:4)
  2 alligator skeletons (Volcano)
  24 yaks
  9 humans (D:14)
  A spriggan (D:8)
  5 hogs
  A hungry ghost (D:15)
  4 basilisks
  9 nagas
  5 wargs
  9 water moccasins
  7 porcupines
  47 orc warriors
  A black bear (D:10)
  An eye of draining (D:13)
  17 ice beasts
  7 sky beasts
  5 phantoms
  A necrophage (D:11)
  12 ogres
  9 wolves
  14 centaurs
  9 crocodiles
  A big kobold (D:13)
  22 bullfrogs
  A wyvern zombie (D:14)
  A hornet simulacrum (Gauntlet)
  3 scorpions
  A wyvern skeleton (D:11)
  4 killer bees (D:11)
  A spriggan skeleton (Volcano)
  A troll skeleton (Volcano)
  17 wights
  5 crimson imps
  3 centaur zombies
  2 wyvern simulacra (Gauntlet)
  A bullfrog zombie (D:7)
  36 orc priests
  5 hounds
  5 jellies
  A quasit (D:12)
  Crazy Yiuf (D:3)
  A gnoll shaman (D:8)
  9 centaur skeletons
  A bullfrog skeleton (D:9)
  4 iguanas
  Natasha (thrice) (D:3)
  22 orc wizards
  A hell rat (Lair:3)
  A lightning spire (Gauntlet)
  8 worker ants
  A killer bee zombie (D:9)
  2 bullfrog simulacra (Gauntlet)
  3 naga skeletons (Volcano)
  A hound skeleton (D:11)
  Robin (D:3)
  13 gnolls
  A howler monkey skeleton (D:7)
  9 adders
  8 shadow imps
  4 oozes
  2 adder skeletons
  3 adder zombies
  2 worms (D:3)
  9 leopard geckos
  97 orcs
  5 giant cockroaches
  15 goblins
  7 hobgoblins
  6 jackals
  9 kobolds
  2 quokkas
  A ball python (D:5)
  A ball python skeleton (D:5)
  10 bats
  2 frilled lizards
  A giant cockroach zombie (D:5)
  A jackal skeleton (D:4)
  A leopard gecko zombie (D:7)
  A quokka skeleton (D:4)
  7 rats
  A fungus (Lair:6)
  3 plants
789 creatures vanquished.

Vanquished Creatures (others)
  A flying skull (Volcano)
  A naga (Snake:2)
  An orc wizard (D:6)
  2 fungi (Lair:2)
  A plant (Lair:6)
  3 withered plants
9 creatures vanquished.

Grand Total: 798 creatures vanquished

Notes
Turn   | Place    | Note
-------+----------+-------------------------------------------
     0 | D:1      | Kobolds4U the Minotaur Fighter began the quest for the Orb.
     0 | D:1      | Reached XP level 1. HP: 19/19 MP: 0/0
    27 | D:1      | Reached skill level 3 in Long Blades
   183 | D:1      | Reached XP level 2. HP: 26/26 MP: 1/1
   472 | D:1      | Reached skill level 4 in Long Blades
   517 | D:1      | Reached XP level 3. HP: 28/31 MP: 2/2
  1378 | D:3      | Reached skill level 5 in Long Blades
  1655 | D:3      | Reached XP level 4. HP: 25/39 MP: 3/3
  1657 | D:3      | Reached skill level 6 in Long Blades
  1849 | D:3      | Found an iron altar of Okawaru.
  1855 | D:3      | Reached XP level 5. HP: 43/45 MP: 4/4
  1862 | D:3      | Noticed Natasha
  1873 | D:3      | Killed Natasha
  1873 | D:3      | Reached skill level 7 in Long Blades
  2010 | D:3      | Noticed Natasha
  2138 | D:3      | Found a faded altar of an unknown god.
  2155 | D:3      | Killed Natasha
  2190 | D:3      | Noticed Robin
  2206 | D:3      | Killed Robin
  2206 | D:3      | Reached XP level 6. HP: 51/51 MP: 5/5
  2256 | D:3      | Found a runed translucent door.
  2257 | D:3      | Noticed Crazy Yiuf
  2351 | D:3      | Reached skill level 8 in Long Blades
  2696 | D:3      | Noticed Natasha
  2700 | D:3      | Killed Natasha
  2736 | D:3      | Killed Crazy Yiuf
  2915 | D:3      | Reached skill level 5 in Fighting
  3109 | D:4      | Reached XP level 7. HP: 61/61 MP: 6/6
  3628 | D:4      | Found a deep blue altar of Sif Muna.
  3855 | D:4      | Noticed Sigmund
  3877 | D:4      | Killed Sigmund
  3877 | D:4      | Reached skill level 9 in Long Blades
  4073 | D:4      | Found a staircase to the Ecumenical Temple.
  4174 | Temple   | Entered the Ecumenical Temple
  4328 | Temple   | Became a worshipper of Ashenzari the Shackled
  4492 | D:5      | Entered Level 5 of the Dungeon
  4809 | D:5      | Reached XP level 8. HP: 45/71 MP: 7/7
  5372 | D:5      | Reached skill level 10 in Long Blades
  5372 | D:5      | Reached skill level 5 in Armour
  6710 | D:6      | HP: 3/75 [orc warrior/+0 short sword (8)]
  6713 | D:6      | Reached XP level 9. HP: 13/82 MP: 8/8
  7876 | D:7      | Reached * piety under Ashenzari
  7970 | D:7      | Reached skill level 11 in Long Blades
  8199 | D:7      | Found a blossoming altar of Fedhas.
  8218 | D:7      | Noticed an oklob plant
  8249 | D:7      | Killed an oklob plant
  9115 | D:8      | Reached skill level 10 in Fighting
  9186 | D:8      | Reached skill level 1 in Dodging
  9186 | D:8      | Reached XP level 10. HP: 85/93 MP: 9/9
  9244 | D:8      | Reached skill level 12 in Long Blades
 10373 | D:9      | Found a staircase to the Lair.
 10542 | D:9      | Noticed Erica
 10568 | D:9      | Killed Erica
 10568 | D:9      | Reached skill level 10 in Armour
 11139 | D:9      | Identified the +4 plate armour of Amnijip {Str+6}
 11247 | D:9      | Reached ** piety under Ashenzari
 11458 | D:10     | Entered Level 10 of the Dungeon
 11458 | D:10     | Found a runed translucent door.
 11458 | D:10     | Noticed OmG's ghost (journeyman DsMo)
 11546 | D:10     | Found a sparkling altar of Nemelex Xobeh.
 11665 | D:10     | Reached skill level 5 in Dodging
 11678 | D:10     | Noticed a two-headed ogre
 11687 | D:10     | Killed a two-headed ogre
 11687 | D:10     | Reached skill level 13 in Long Blades
 11858 | D:10     | Noticed Nergalle
 11885 | D:10     | Killed Nergalle
 11885 | D:10     | Reached XP level 11. HP: 75/99 MP: 10/10
 12746 | D:11     | Found an opulent altar of Gozag.
 12802 | D:11     | Reached *** piety under Ashenzari
 12960 | D:11     | Found a staircase to the Orcish Mines.
 12997 | D:11     | Noticed a two-headed ogre
 13004 | D:11     | Killed a two-headed ogre
 13695 | D:12     | Noticed Erolcha
 13711 | D:12     | Killed Erolcha
 13711 | D:12     | Reached skill level 14 in Long Blades
 13877 | D:12     | Noticed Sonja
 13888 | D:12     | Killed Sonja
 13941 | D:12     | Noticed a white ugly thing
 13953 | D:12     | Killed a white ugly thing
 14681 | D:13     | Found a gate leading to a gauntlet.
 14762 | D:13     | Noticed a brown ugly thing
 14769 | D:13     | Identified the +4 chain mail "Owickaiwo" {rC+}
 14793 | D:13     | Killed a brown ugly thing
 14793 | D:13     | Reached XP level 12. HP: 104/107 MP: 11/11
 14864 | Gauntlet | Entered a Gauntlet
 14864 | Gauntlet | Found a transporter.
 14871 | Gauntlet | Found a transporter.
 14873 | Gauntlet | Found a transporter.
 14882 | Gauntlet | Found a transporter.
 14884 | Gauntlet | Found a transporter.
 14890 | Gauntlet | Found a runed translucent gate.
 14890 | Gauntlet | Found a runed translucent gate.
 14890 | Gauntlet | Found a runed translucent gate.
 14893 | Gauntlet | Found a transporter.
 14909 | Gauntlet | Found a transporter.
 14911 | Gauntlet | Identified the cursed +0 pair of gloves "Yssez" {Str+2}
 14919 | Gauntlet | Found a transporter.
 14922 | Gauntlet | Identified the ring of the Cockatrice {Ice MR+}
 14929 | Gauntlet | Found a transporter.
 14946 | Gauntlet | Found a transporter.
 14955 | Gauntlet | Noticed a death ooze
 14960 | Gauntlet | Found a transporter.
 14961 | Gauntlet | Found a transporter.
 14967 | Gauntlet | Reached **** piety under Ashenzari
 15107 | Gauntlet | Found a transporter.
 15109 | Gauntlet | Killed a death ooze
 15204 | Gauntlet | Noticed a minotaur
 15212 | Gauntlet | Killed a minotaur
 15212 | Gauntlet | Reached skill level 15 in Long Blades
 15454 | D:13     | Identified the Incunabulum of Combed Thunderclap
 15461 | D:13     | Identified Lee's Handbook of Plaster Cramp
 15729 | D:13     | Identified the Grimoire of Dhcmrlchtdj
 15811 | D:13     | Reached skill level 10 in Dodging
 15830 | D:13     | Noticed Kirke
 16017 | D:13     | Noticed a sphinx
 16520 | D:14     | Noticed a vault guard
 16535 | D:14     | Noticed a vault guard
 16572 | D:14     | Killed a vault guard
 16573 | D:14     | Noticed a vault guard
 16580 | D:14     | Killed a vault guard
 16589 | D:14     | Killed a vault guard
 16593 | D:14     | Reached XP level 13. HP: 84/118 MP: 12/12
 16841 | D:14     | Found a portal to a secret trove of treasure.
 16877 | D:14     | Found a gate to the Vaults.
 17038 | D:14     | Reached skill level 16 in Long Blades
 17244 | D:14     | Found Epetar's Food Shop.
 17454 | D:15     | Entered Level 15 of the Dungeon
 17470 | D:15     | Noticed a ghoul
 17492 | D:15     | Killed a ghoul
 17492 | D:15     | Reached skill level 1 in Evocations
 17825 | D:15     | Noticed Rupert
 17857 | D:15     | Killed Rupert
 18145 | Lair:1   | Entered Level 1 of the Lair of Beasts
 18249 | Lair:1   | Found a frozen archway.
 18250 | Lair:1   | Reached skill level 5 in Evocations
 18269 | IceCv    | Entered an ice cave
 18656 | IceCv    | Identified the amulet "Pizirukha" {+Rage MR+}
 19128 | Lair:1   | Identified the Handbook of the Birds
 19140 | Lair:1   | Learned a level 5 spell: Silence
 19249 | Lair:1   | Reached ***** piety under Ashenzari
 19399 | Lair:1   | Reached XP level 14. HP: 126/129 MP: 17/17
 20171 | Lair:2   | Found a staircase to the Snake Pit.
 20495 | Lair:2   | Identified a scroll of acquirement
 21115 | Lair:3   | Identified the +6 quarterstaff of the Briny Deep
                  | {antimagic, rF+ Str+2}
 21332 | Lair:3   | Identified the +3 spear of Jelaixze {venom, rElec rPois
                  | rF+++ Int-3}
 21335 | Lair:3   | Noticed Ziruddio's ghost (journeyman MfBe)
 21336 | Lair:3   | Found a bloodstained altar of Trog.
 21340 | Lair:3   | Found a transporter.
 21347 | Lair:3   | Found a transporter.
 22366 | Lair:4   | Identified the amulet "Noivyh" {Reflect Int+2 SH+6 SInv}
 22662 | Lair:4   | Reached ****** piety under Ashenzari
 22862 | Lair:4   | Found a staircase to the Shoals.
 23249 | Lair:5   | Found a staircase to the Slime Pits.
 24081 | Lair:6   | Entered Level 6 of the Lair of Beasts
 24111 | Lair:6   | Reached skill level 17 in Long Blades
 24253 | Lair:6   | Found a dark tunnel.
 24260 | Volcano  | Entered a volcano
 25117 | Lair:6   | Reached skill level 15 in Fighting
 25241 | Lair:6   | Reached XP level 15. HP: 141/141 MP: 19/19
 25753 | Lair:6   | Noticed Urug
 25762 | Lair:6   | Killed Urug
 26784 | Orc:1    | Entered Level 1 of the Orcish Mines
 26784 | Orc:1    | Found a burning altar of Makhleb.
 26939 | Orc:1    | Found a runed translucent door.
 26941 | Orc:1    | Found a shimmering altar of Xom.
 26941 | Orc:1    | Noticed Dmuffinman's ghost (journeyman MiBe)
 26997 | Orc:1    | Found a roughly hewn altar of Beogh.
 27456 | Orc:2    | Entered Level 2 of the Orcish Mines
 27710 | Orc:2    | Noticed an orc warlord
 27714 | Orc:2    | Reached skill level 18 in Long Blades
 27728 | Orc:2    | Killed an orc warlord
 27873 | Orc:2    | Found a staircase to the Elven Halls.
 28823 | Orc:2    | Reached skill level 15 in Dodging
 29169 | Orc:2    | Found Geri's Weapon Shoppe.
 29169 | Orc:2    | Found Mef Zoosoiq's Magic Scroll Shoppe.
 29170 | Orc:2    | Found Wemuq's Distillery.
 29170 | Orc:2    | Found Zuvvuope's Magic Scroll Shoppe.
 29178 | Orc:2    | Bought a potion of curing for 51 gold pieces
 29178 | Orc:2    | Bought a potion of curing for 51 gold pieces
 29178 | Orc:2    | Bought a potion of heal wounds for 85 gold pieces
 29178 | Orc:2    | Bought a potion of curing for 51 gold pieces
 29180 | Orc:2    | Bought a scroll of summoning for 133 gold pieces
 29180 | Orc:2    | Bought a scroll of remove curse for 42 gold pieces
 29180 | Orc:2    | Bought a scroll of remove curse for 42 gold pieces
 29181 | Orc:2    | Bought a scroll of noise for 15 gold pieces
 29181 | Orc:2    | Bought a scroll of vulnerability for 112 gold pieces
 29265 | Orc:2    | Found a roughly hewn altar of Beogh.
 29743 | Snake:1  | Entered Level 1 of the Snake Pit
 29974 | Snake:1  | Identified the +0 leather armour "Fuedeum" {Stlth+}
 30340 | D:10     | Killed OmG's ghost
 30574 | Snake:1  | Found Fast's Food Emporium.
 31277 | Snake:2  | Noticed Agnes
 31291 | Snake:2  | Killed Agnes
 31291 | Snake:2  | Reached XP level 16. HP: 77/150 MP: 17/22
 31795 | Snake:2  | Noticed Vashnia
 31823 | Snake:1  | HP: 6/151 [Vashnia/bolt (18)]
 31823 | Snake:1  | HP: 1/151 [Vashnia/bolt (5)]
 31825 | Snake:1  | Shot with a bolt by Vashnia

Skill      XL: |  1  2  3  4  5  6  7  8  9 10 11 12 13 14 15 |
---------------+----------------------------------------------+-----
Long Blades    | 3 4 5 6 7 8 9 10 11 13 14 15 16 17 18 | 18.1
Fighting       | 5 6 8 10 12 13 15 | 15.9
Armour         | 4 6 8 10 12 | 12.3
Dodging        | 1 5 8 10 12 13 15 | 15.5
Evocations     | 6 7 9 |  9.9
Shields        | |  3.6

Action                   |  1- 3 |  4- 6 |  7- 9 | 10-12 | 13-15 | 16-18 || total
-------------------------+-------+-------+-------+-------+-------+-------++-------
Melee: Long sword        |    87 |   147 |   450 |   436 |       |       ||  1120
       Headbutt          |    11 |    31 |   105 |   185 |   338 |    22 ||   692
       Great sword       |       |       |       |   204 |  1017 |    49 ||  1270
       Unarmed           |       |       |       |    24 |       |       ||    24
Invok: Curse Item        |       |       |     4 |     2 |     4 |       ||    10
       Scrying           |       |       |       |     1 |       |       ||     1
Evoke: Sack of spiders   |       |       |       |     1 |       |       ||     1
       Wand              |       |       |       |       |     5 |       ||     5
  Use: Potion            |       |       |     2 |     3 |     3 |     3 ||    11
       Scroll            |       |       |     4 |    28 |    10 |       ||    42
  Eat: Chunk             |     2 |     5 |    16 |    21 |    43 |     1 ||    88
       Ration            |       |       |     1 |     1 |     1 |     1 ||     4
Armor: Scale mail        |     4 |       |       |       |       |       ||     4
       Chain mail        |    64 |    71 |    90 |       |       |       ||   225
       Plate armour      |       |       |    65 |   277 |   377 |    24 ||   743
Dodge: Dodged            |    29 |    41 |    84 |   342 |   787 |    63 ||  1346
Block: Shield            |    54 |    75 |   162 |    72 |       |       ||   363
       Other             |       |       |       |       |   142 |    20 ||   162
       Reflection        |       |       |       |       |    12 |     4 ||    16
       Rpst.: Long sword |     5 |     8 |    19 |    41 |       |       ||    73
       Great sword       |       |       |       |    22 |   179 |    11 ||   212
